 Dungeon Crawl Stone Soup version 0.29.1-12-g30fa7ad0bf (webtiles) character file.

Game seed: 5613806670483781119

1085 javelincjr the Magician (level 8, -18/54 HPs)
             Began as a Djinni Conjurer on Dec 30, 2022.
             Demolished by an orc warrior
             ... wielding a +2 trident of protection
              (20 damage)
             ... on level 6 of the Dungeon.
             The game lasted 00:33:10 (6789 turns).

javelincjr the Magician (Djinni Conjurer)           Turns: 6789, Time: 00:33:13

Health: -18/54     AC:  2    Str:  8    XL:     8   Next: 55%
Gold:   312        EV: 13    Int: 20    God:
                   SH:  0    Dex: 12

rFire   + + +      SeeInvis .   t - +8 spear of Ymumic {antimagic, rElec rF+ rC+}
rCold   . . .      Faith    .   (no shield)
rNeg    . . .      Spirit   .   a - +0 robe
rPois   ∞          Reflect  .   (no helmet)
rElec   +          Harm     .   (no cloak)
rCorr   +          Rampage  .   (no gloves)
Will    .....                   (boots unavailable)
Stlth   ++........              (no amulet)
HPRegen 0.18/turn               B - ring of resist corrosion
MPRegen 0.00/turn               (no ring)

@: flying
A: sickness immunity, fire resistance 2, cold vulnerability 1, float, innate
caster, HP casting, extra vitality 1
a: no special abilities


You were on level 6 of the Dungeon.
You visited 1 branch of the dungeon, and saw 6 of its levels.

You collected 312 gold pieces.

Inventory:

Hand Weapons
 t - the +8 spear of Ymumic (weapon) {antimagic, rElec rF+ rC+}
   (You found it on level 3 of the Dungeon)

   It reduces the magical energy of the wielder, and disrupts the spells and
   magical abilities of those it strikes.
   Natural abilities and divine invocations are not affected.
   rF:        It protects you from fire.
   rC:        It protects you from cold.
   rElec:     It insulates you from electricity.
Missiles
 h - 8 poisoned darts
 m - 2 throwing nets
Armour
 a - a +0 robe (worn)
Jewellery
 B - a ring of resist corrosion (left hand)
Wands
 y - a wand of roots (20)
 C - a wand of flame (34)
 D - a wand of mindburst (7)
 E - a wand of paralysis (6)
Scrolls
 b - 6 scrolls of identify {unknown}
 e - a scroll of blinking {unknown}
 f - a scroll of butterflies {unknown}
 i - 5 scrolls of teleportation {unknown}
 l - a scroll of torment {unknown}
 n - 2 scrolls of poison {unknown}
 r - a scroll of enchant armour {unknown}
 s - a scroll of immolation {unknown}
 w - a scroll of fear {unknown}
 z - a scroll of magic mapping {unknown}
 A - a scroll of brand weapon {unknown}
Potions
 c - a potion of experience {unknown}
 d - a potion of degeneration {unknown}
 g - 3 potions of brilliance {unknown}
 j - a potion of lignification {unknown}
 k - 3 potions of flight {unknown}
 o - a potion of heal wounds {unknown}
 p - 2 potions of invisibility {unknown}
 q - 3 potions of cancellation {unknown}
 u - a potion of magic {unknown}
 v - 3 potions of might {unknown}
 x - a potion of attraction {unknown}


   Skills:
 + Level 1.9 Fighting
 + Level 3.4 Polearms
 + Level 3.8 Dodging
 + Level 4.0 Stealth
 + Level 5.8 Spellcasting


You couldn't memorise any spells.
You knew the following spells:

 Your Spells              Type           Power      Damage    Failure   Level
a - Magic Dart            Conj           100%       1d8       1%          1
b - Searing Ray           Conj           58%        2d6       1%          2
c - Dazzling Flash        Conj/Hex       58%        N/A       3%          3
d - Fulminant Prism       Conj/Hex       14%        3d9       10%         4
e - Iskenderun's Mystic   Conj/Tloc      29%        2d7       10%         4
f - Sandblast             Erth           58%        2d13      1%          1
g - Blink                 Tloc           58%        N/A       1%          2
h - Ozocubu's Armour      Ice            29%        N/A       3%          3
Your spell library was empty.

Dungeon Overview and Level Annotations

Branches:
Dungeon (6/15)
 Temple: D:4-7

Altars:
Hepliaklqana
Xom
Yredelemnul
Zin
The Shining One


Innate Abilities, Weirdness & Mutations

You are immune to sickness and miasma.
You are immune to poison.
Your flesh is very heat resistant. (rF++)
You are vulnerable to cold. (rC-)
You float through the air rather than walking.
You learn spells naturally, not from books.
Your magical power is your life essence.
You have superior vitality. (+4 MHP)


Message History

The phantom hits you but does no damage.
The searing ray hits the phantom.
You destroy the phantom!
The searing ray hits the howler monkey.
The howler monkey is heavily wounded.
Your Stealth skill increases to level 4!
The searing ray misses the howler monkey.
The howler monkey barely misses you.
The searing ray hits the howler monkey.
The howler monkey is severely wounded.
The searing ray hits the orc warrior but does no damage.
You finish channelling your searing ray.
The howler monkey misses you.
Casting: Searing Ray (safe; 1% risk of failure)
Confirm with . or Enter, or press ? or * to list all spells.
Aiming: Searing Ray (safe; 1% risk of failure)
Press: ? - help, Shift-Dir - straight line, f - howler monkey
Aim: a howler monkey (severely wounded, 77% to hit)
The searing ray hits the howler monkey!
You kill the howler monkey!
The searing ray hits the orc warrior.
The orc warrior is lightly wounded. (Press . to maintain the ray.)
The searing ray hits the orc warrior!
The orc warrior is moderately wounded.
A scorpion comes into view.
The orc warrior hits you from afar with a +2 trident of protection!
* * * LOW HITPOINT WARNING * * *
The searing ray hits the orc warrior.
The orc warrior is heavily wounded.
* * * LOW HITPOINT WARNING * * *
The orc warrior completely misses you.
A steam dragon comes into view.
The searing ray hits the orc warrior!
The orc warrior is severely wounded.
* * * LOW HITPOINT WARNING * * *
You finish channelling your searing ray.
An orc comes into view. It is wielding a +0 scimitar.
The orc warrior hits you from afar with a +2 trident of protection!!
You die...

#†# #.# #.# ###########
#.# #.........# #.#
#.#######.# #.#
###.#.#.#.#.########.#
#.###...#^^^^^#.....<.....
#.....#########oD.########
###.#.#.'@†o.)s.#.#
#.#.#########...#
#.#...#^^^^^#..##
#.....#.#.#.#..#
#####.#######..#
#..........# #######....#
######


You could see a steam dragon (wandering), an orc warrior, a scorpion and an orc.

Vanquished Creatures
  A black bear (D:5)
  A phantom (D:6)
  A necrophage (D:5)
  2 bullfrogs (D:6)
  A wight (D:6)
  A howler monkey (D:6)
  3 hounds
  A gnoll bouda (D:3)
  3 jellies
  3 iguanas
  11 adders
  14 gnolls
  A white imp (D:4)
  2 worms
  2 dart slugs
  11 orcs
  5 bats
  5 endoplasms
  2 giant cockroaches
  5 goblins
  5 hobgoblins
  5 jackals (D:4)
  6 kobolds
  4 quokkas
  9 ball pythons
  5 frilled lizards
  2 goblin skeletons (D:4)
  2 goblin zombies (D:4)
  3 hobgoblin zombies (D:4)
  A kobold skeleton (D:4)
  An orc zombie (D:4)
  3 rats
121 creatures vanquished.

Vanquished Creatures (others)
  5 fulminant prisms
5 creatures vanquished.

Grand Total: 126 creatures vanquished

Notes
Turn   | Place    | Note
-------+----------+-------------------------------------------
     0 | D:1      | javelincjr the Djinni Conjurer began the quest for the Orb.
     0 | D:1      | javelincjr set off with the following spells memorised:
                  | Magic Dart, Searing Ray, Dazzling Flash, Fulminant Prism,
                  | Iskenderun's Mystic Blast.
     0 | D:1      | Reached XP level 1. HP: 15/15 MP: 0/0
   276 | D:1      | Reached XP level 2. HP: 17/21 MP: 0/0
  1129 | D:2      | Reached XP level 3. HP: 22/25 MP: 0/0
  1129 | D:2      | Learned a level 1 spell: Sandblast
  1139 | D:2      | Reached skill level 4 in Spellcasting
  1144 | D:2      | Reached XP level 4. HP: 4/31 MP: 0/0
  2377 | D:3      | Reached XP level 5. HP: 16/35 MP: 0/0
  2377 | D:3      | Learned a level 2 spell: Blink
  2844 | D:3      | Identified the +8 spear of Ymumic {antimagic, rElec rF+
                  | rC+}
  2984 | D:3      | Reached skill level 5 in Spellcasting
  2984 | D:3      | Reached XP level 6. HP: 21/40 MP: 0/0
  3554 | D:4      | Found a glowing golden altar of the Shining One.
  4109 | D:4      | Reached skill level 1 in Polearms
  4378 | D:4      | Found a hazy altar of Hepliaklqana.
  4379 | D:4      | Found a glowing silver altar of Zin.
  4505 | D:4      | Found a shimmering altar of Xom.
  4794 | D:4      | Reached XP level 7. HP: 43/46 MP: 0/0
  4794 | D:4      | Learned a level 3 spell: Ozocubu's Armour
  4898 | D:5      | Entered Level 5 of the Dungeon
  5109 | D:5      | Found a basalt altar of Yredelemnul.
  5355 | D:5      | Reached skill level 1 in Fighting
  5911 | D:5      | Reached XP level 8. HP: 15/52 MP: 0/0
  6789 | D:6      | Demolished by an orc warrior

Illustrated notes

Levels and vault maps discovered:
D:1:      evilmike_arrival_fibonacci_small, layout_loops_ring,
          grunt_decor_resistance
D:2:      layout_loops_cross
D:3:      layout_loops_ring, mainiacjoe_overflow_alcove_4, minmay_snake_closets
D:4:      layout_loops_ring, lemuel_doored_altar, nicolae_tso_besieged_by_evil,
          chequers_temple_overflow_statue_of_worship, grunt_ministairs_12
D:5:      layout_layer_cave, mainiacjoe_overflow_surrounded_room
D:6:      layout_loops_ring, okawaru_ov_weapons_minmay, serial_shops, shop,
          grunt_tough_drop

Skill      XL: |  1  2  3  4  5  6  7  8 |
---------------+-------------------------+-----
Spellcasting   | 4 5 |  5.8
Stealth        | 2 3 4 |  4.0
Polearms       | 1 2 3 |  3.4
Dodging        | 3 |  3.8
Fighting       | 1 |  1.9

Action                   |  1- 3 |  4- 6 |  7- 9 || total
-------------------------+-------+-------+-------++-------
Melee: Unarmed           |       |     3 |       ||     3
       Spear             |       |    64 |    14 ||    78
 Cast: Magic Dart        |    28 |    40 |    30 ||    98
       Searing Ray       |     3 |    19 |    13 ||    35
       Sandblast         |       |     1 |       ||     1
       Fulminant Prism   |       |     2 |     3 ||     5
       Iskenderun's Myst |       |     1 |     3 ||     4
 Stab: Sleeping          |       |     4 |     1 ||     5
Armor: Robe              |       |    15 |     2 ||    17
Dodge: Dodged            |     1 |    36 |    19 ||    56
